 Dungeon Crawl Stone Soup version 0.31-a0-986-g5e6e4ef867 (webtiles) character file.

Game seed: 12831200846080586743

223 porpoise the Digger (level 6, 0/32 HPs)
             Began as a Gargoyle Earth Elementalist on Nov 13, 2023.
             Killed from afar by an orc wizard (2 damage)
             ... with a magic dart
             ... on level 3 of the Dungeon.
             The game lasted 00:10:34 (2378 turns).

porpoise the Digger (Gargoyle Earth Elementalist)   Turns: 2378, Time: 00:10:35

Health: 0/32       AC:  6    Str: 12    XL:     6   Next: 0%
Magic:  7/12       EV: 11    Int: 17    God:
Gold:   193        SH:  0    Dex: 10    Spells: 5/13 levels left

rFire   . . .        a - +2 short sword (venom)
rCold   . . .        (no shield)
rNeg    + . .        g - +0 robe
rPois   ∞            (no helmet)
rElec   +            (no cloak)
rCorr   .            (no gloves)
SInv    .            (no boots)
Will    .....        (no amulet)
Stlth   ++           (no ring)
HPRegen 0.25/turn    (no ring)
MPRegen 0.13/turn

%: no passive effects
@: no status effects
A: sickness immunity, AC +4, negative energy resistance 1, electricity
resistance, torment resistance 1, petrification resistance
a: no special abilities


You were on level 3 of the Dungeon.
You visited 1 branch of the dungeon, and saw 3 of its levels.

You collected 193 gold pieces.

Inventory:

Hand Weapons
 a - a +2 short sword of venom (weapon)
 b - a +0 sling
 n - a +2 dagger of speed
Missiles
 k - 3 poisoned darts
Armour
 d - a +0 leather armour of fire resistance
 g - a +0 robe (worn)
Magical Staves
 j - a staff of air
Wands
 m - a wand of iceblast (11)
Scrolls
 i - a scroll of vulnerability {unknown}
 l - a scroll of fog {unknown}
 o - a scroll of fear {unknown}
Potions
 c - a potion of berserk rage {unknown}
 e - a potion of mutation {unknown}
 h - a potion of degeneration {unknown}


   Skills:
 - Level 1.5 Dodging
 - Level 2.1 Stealth
 + Level 4.0 Spellcasting
 * Level 2.0 Conjurations
 - Level 0.7 Transmutations
 - Level 5.6 Earth Magic


You had 5 spell levels left.
You knew the following spells:

 Your Spells              Type           Power      Damage    Failure   Level
a - Sandblast             Erth           44%        2d11      1%          1
b - Stone Arrow           Conj/Erth      32%        3d9       10%         3
o - Olgreb's Toxic Radia  Pois           3%         N/A       83%         4

Your spell library contained the following spells:

 Spells                   Type           Power      Damage    Failure   Level
 Passwall                 Tmut/Erth      11%        N/A       6%          2
 Sting                    Tmut/Pois      16%        1d3       14%         1
 Summon Small Mammal      Summ           12%        N/A       16%         1
 Poisonous Vapours        Pois/Air       6%         N/A       24%         2
 Dazzling Flash           Conj/Hex       12%        N/A       30%         3
 Hailstorm                Conj/Ice       6%         3d4       30%         3
 Brom's Barrelling Bould  Conj/Erth      16%        2d4       32%         4
 Petrify                  Tmut/Erth      14%        N/A       38%         4
 Call Canine Familiar     Summ           3%         N/A       43%         3
 Summon Guardian Golem    Hex/Summ       3%         N/A       43%         3
 Volatile Blastmotes      Fire/Tloc      6%         2d10      43%         3
 Summon Ice Beast         Ice/Summ       3%         N/A       83%         4
 Simulacrum               Ice/Necr       1%         N/A       100%        6
 Starburst                Conj/Fire      3%         6d3       100%        6
 Maxwell's Capacitive Co  Air            1%         ∞         100%        8


Dungeon Overview and Level Annotations

Branches:
Dungeon (3/15)

Altars:


Innate Abilities, Weirdness & Mutations

You are immune to sickness and miasma.
Your stone body is resilient. (AC +4)
You are immune to poison.
You resist negative energy. (rN+)
You are resistant to electric shocks. (rElec)
You are resistant to unholy torment.
You are immune to petrification.


Message History

The magic dart hits you!
* * * LOW HITPOINT WARNING * * *
Your Spellcasting skill increases to level 4!
Your Conjurations skill increases to level 2!
You have reached level 6!
Casting: Sandblast (safe; 1% risk of failure)
Confirm with . or Enter, or press ? or * to list all spells.
Aiming: Sandblast (safe; 1% risk of failure)
Press: ? - help, Shift-Dir - straight line, f - orc wizard
Aim: an orc wizard, wielding a +0 dagger and wearing a +0 robe (79% to hit)
The blast of sand hits something.
You closely miss something. Something hits you but does no damage.
The orc wizard casts a spell.
The orc wizard flickers and vanishes!
You closely miss something.
You hear some strange, mumbled words.
You are confused.
You bump into the rock wall.
Something hits you but does no damage.
You bump into the rock wall.
Something hits you.
* * * LOW HITPOINT WARNING * * *
You bump into the rock wall.
You hear some strange, mumbled words.
Something tries to affect you, but you resist.
You hear some strange, mumbled words.
A puff of flame appears from out of thin air!
The puff of flame hits something!
You bump into the rock wall.
You hear some strange, mumbled words.
Something tries to affect you, but you resist.
You feel better. Something hits you.
* * * LOW HITPOINT WARNING * * *
You hit something but do no damage.
You hear some strange, mumbled words.
A magic dart appears from out of thin air!
The magic dart hits you.
* * * LOW HITPOINT WARNING * * *
You hear some strange, mumbled words.
A magic dart appears from out of thin air!
The magic dart hits you.
You die...

#### ##..# ####...#
#..[.#.# #.####.#
######.## #.#
######.......# #.#
#............# #.#
#............###@######..
#...............{{))....#
.............##.###......
#............##.# ...##
#.........#####. ###
#.....#...###...
#)(...##.......)
.#.#####.##.....
.....###..........


There were no monsters in sight!

Vanquished Creatures
  A phantom (D:3)
  2 orc priests (D:3)
  2 adders
  A worm (D:2)
  2 dart slugs
  4 orcs (D:3)
  4 endoplasms
  2 giant cockroaches
  9 goblins
  6 hobgoblins
  5 kobolds
  3 quokkas
  5 ball pythons (D:1)
  A bat (D:2)
  8 frilled lizards
  8 rats
63 creatures vanquished.

Notes
Turn   | Place    | Note
-------+----------+-------------------------------------------
     0 | D:1      | porpoise the Gargoyle Earth Elementalist began the quest
                  | for the Orb.
     0 | D:1      | Reached XP level 1. HP: 10/10 MP: 3/3
   221 | D:1      | Reached skill level 4 in Earth Magic
   221 | D:1      | Reached XP level 2. HP: 15/15 MP: 5/5
   589 | D:1      | Reached XP level 3. HP: 19/19 MP: 6/6
  1364 | D:2      | Found a faded altar of an unknown god.
  1484 | D:2      | Learned a level 3 spell: Stone Arrow
  1530 | D:2      | Reached XP level 4. HP: 19/24 MP: 4/8
  1681 | D:2      | Reached skill level 5 in Earth Magic
  1830 | D:2      | Learned a level 4 spell: Olgreb's Toxic Radiance
  2202 | D:3      | Noticed a phantom
  2225 | D:3      | Killed a phantom
  2226 | D:3      | Reached XP level 5. HP: 28/28 MP: 8/10
  2289 | D:3      | Reached skill level 1 in Conjurations
  2369 | D:3      | Reached XP level 6. HP: 5/32 MP: 7/12
  2378 | D:3      | Killed from afar by an orc wizard

Illustrated notes

Levels and vault maps discovered:
D:1:      minmay_arrival_four_circles, layout_loops_ring, serial_aquarium,
          aquarium_bridge_long_joined [aquarium_subvault_bridge,
          aquarium_subvault_bridge, aquarium_subvault_window,
          aquarium_subvault_bridge, aquarium_subvault_wall,
          aquarium_subvault_bridge], aquarium_bridge_straight
          [aquarium_subvault_bridge, aquarium_subvault_balcony,
          aquarium_subvault_bridge, aquarium_subvault_wall], aquarium_window_2,
          aquarium_window_2, aquarium_window_1, aquarium_view_2a,
          aquarium_balcony_1b, aquarium_pool_five, hex_large,
          kennysheep_another_room
D:2:      layout_basic, ebering_ecumenical_altar_sacrificial,
          minmay_goblin_outpost
D:3:      layout_rooms, nicolae_overflow_ecumenical_swirl

Skill      XL: |  1  2  3  4  5 |
---------------+----------------+-----
Earth Magic    | 4 5 |  5.6
Spellcasting   | 3 4 |  4.0
Conjurations   | 2 |  2.0
Dodging        | |  1.5
Stealth        | |  2.1
Transmutations | |  0.7

Action                     |  1- 3 |  4- 6 || total
---------------------------+-------+-------++-------
  Melee: Dagger            |    42 |     1 ||    43
         Short sword       |       |     6 ||     6
   Fire: Sling             |    14 |       ||    14
   Cast: Sandblast         |    28 |    35 ||    63
    Use: Potion            |       |     3 ||     3
   Stab: Sleeping          |     1 |       ||     1
 Armour: Robe              |    23 |    22 ||    45
  Dodge: Dodged            |    32 |    19 ||    51

Table legend: (Time is in decaauts)
 A = Elapsed time spent in this place.
 B = Non-inter-level travel time spent in this place.
 C = Inter-level travel time spent in this place.
 D = Time resting spent in this place.
 E = Time spent auto-exploring this place.
 F = Levels seen in this place.
 G = Mean time per level.
                   A        B        C        D        E       F      G
               +--------+--------+--------+--------+--------+-----+--------+
         Total |   2399 |   2290 |    109 |    569 |   1276 |   3 |  799.7 |
       Dungeon |   2399 |   2290 |    109 |    569 |   1276 |   3 |  799.7 |
               +--------+--------+--------+--------+--------+-----+--------+

Top non-repeatable levels by time:
     D:1: 1284 daAuts
     D:2: 891 daAuts
     D:3: 224 daAuts
